 Dungeon Crawl Stone Soup version 0.21.0-3-g78d12a8 (webtiles) character file.

116914 Jatast the Fighter (level 16, -6/105 HPs)
             Began as a Gargoyle Earth Elementalist on Jan 16, 2018.
             Was a High Priest of Sif Muna.
             Killed from afar by Feta's ghost (26 damage)
             ... with a fireball
             ... on level 15 of the Dungeon.
             The game lasted 01:37:53 (33143 turns).

Jatast the Fighter (Gargoyle Earth Elementalist)   Turns: 33143, Time: 01:37:54

Health: -6/105     AC: 30    Str: 21    XL:     16   Next: 72%
Magic:  16/28      EV: 12    Int: 22    God:    Sif Muna [*****.]
Gold:   1316       SH:  6    Dex: 10    Spells: 3/31 levels left

rFire    . . .     SeeInvis .   a - +9 mace of the Nexus {drain, rPois Str+4}
rCold    + . .     Gourm    .   I - +0 buckler
rNeg     + . .     Faith    .   H - +0 ice dragon scales
rPois    ∞         Spirit   .   X - +1 helmet "Umuatin" {Str+4}
rElec    +         Reflect  .   (no cloak)
rCorr    .         Harm     .   y - +0 pair of gloves
MR       ++...                  R - +0 pair of boots
Stlth    ..........             j - amulet of regeneration
HPRegen  0.67/turn              g - ring of fire
MPRegen  0.21/turn              m - ring of protection from magic

@: divine energy
A: big wings, negative energy resistance 1, electricity resistance, unbreathing,
petrification resistance, rot immunity, AC +12
a: Fly, Stop Divine Energy, Channel Magic, Forget Spell, Renounce Religion


You were on level 15 of the Dungeon.
You worshipped Sif Muna.
Sif Muna was extremely pleased with you.
You were not hungry.

You visited 3 branches of the dungeon, and saw 22 of its levels.
You also visited: Labyrinth and Ice Cave.

You collected 1512 gold pieces.
You spent 196 gold pieces at shops.

Inventory:

Hand Weapons
 a - the +9 mace of the Nexus (weapon) {drain, rPois Str+4}
   (You found it on level 4 of the Lair of Beasts)

   A truly terrible weapon, it drains the life of those it strikes.
   It affects your strength (+4).
   It protects you from poison.
 Y - a +0 morningstar
Missiles
 r - 6 throwing nets
 N - 282 stones (quivered)
Armour
 o - a +0 shield
 y - a +0 pair of gloves (worn)
 H - +0 ice dragon scales (worn)
 I - a +0 buckler (worn)
 R - a +0 pair of boots (worn)
 X - the +1 helmet "Umuatin" (worn) {Str+4}
   (You found it on level 2 of the Lair of Beasts)

   It affects your strength (+4).
Magical Staves
 b - an uncursed staff of power
Jewellery
 g - a ring of fire (left hand)
 j - an amulet of regeneration (around neck)
 m - a ring of protection from magic (right hand)
 K - a cursed amulet of inaccuracy {unknown}
Wands
 e - a wand of digging (5)
 u - a wand of paralysis (48)
 E - a wand of acid (6)
 G - a wand of scattershot (5)
 V - a wand of flame (43)
Scrolls
 c - 15 scrolls of teleportation
 f - 6 scrolls of immolation
 k - 13 scrolls of remove curse
 q - 4 scrolls of amnesia
 t - a scroll of magic mapping
 v - a scroll of summoning
 w - 3 scrolls of fear
 A - 4 scrolls of identify
 C - a scroll of enchant armour
 J - 4 scrolls of blinking
 S - 5 scrolls of fog
 W - a scroll of enchant weapon
Potions
 h - 5 potions of haste
 i - 4 potions of ambrosia
 l - 6 potions of curing
 n - 2 potions of invisibility
 s - a potion of brilliance
 x - 4 potions of agility
 z - 5 potions of lignification
 B - a potion of magic
 D - 3 potions of heal wounds
 F - a potion of might
 L - a potion of cancellation
 Q - 2 potions of mutation
 T - a potion of flight
 U - 4 potions of resistance
Miscellaneous
 Z - a phantom mirror
Comestibles
 d - 29 rations


   Skills:
 - Level 13.9 Fighting
 - Level 12.0 Maces & Flails
 + Level 9.9 Armour
 - Level 5.3 Dodging
 - Level 2.1 Stealth
 + Level 10.1 Shields
 - Level 8.0 Spellcasting
 + Level 8.4 Conjurations
 + Level 1.8 Translocations
 - Level 0.7 Transmutations
 + Level 4.7 Fire Magic
 - Level 12.0 Earth Magic
 - Level 3.1 Poison Magic
 - Level 7.0 Invocations


You had 3 spell levels left.
You knew the following spells:

 Your Spells              Type           Power        Failure   Level  Hunger
a - Sandblast             Erth           ######       1%          1    None
b - Stone Arrow           Conj/Erth      ######       1%          3    None
c - Lee's Rapid Deconstr  Erth           ######....   3%          5    #####..
d - Petrify               Tmut/Erth      #####...     14%         4    ###....
e - Poisonous Vapours     Pois/Air       ###...       16%         2    None
f - Bolt of Magma         Conj/Fire/Erth ######....   17%         5    #####..
g - Ignite Poison         Fire/Tmut/Pois ####....     19%         3    None
h - Mephitic Cloud        Conj/Pois/Air  ####....     12%         3    None
i - Blink                 Tloc           N/A          14%         2    None


Dungeon Overview and Level Annotations

Branches:
Dungeon (15/15)            Temple (1/1) D:6            Lair (6/6) D:9
  Swamp (0/4) Lair:3        Snake (0/4) Lair:2        Slime (0/5) Lair:6
    Orc (0/2) D:11         Vaults (0/5) D:13
 Depths: D:15

Altars:
Ashenzari
Cheibriados
Dithmenos
Elyvilon
Fedhas
Gozag
Hepliaklqana
Kikubaaqudgha
Makhleb
Nemelex Xobeh
Okawaru
Qazlal
Ru
Sif Muna
Trog
Uskayaw
Vehumet
Wu Jian
Xom
Yredelemnul
Zin
The Shining One
Beogh

Shops:
D:7 =   D:8 !   D:13 (

Annotations:
D:4 MDvedh's ghost, novice DsAK
D:15 Feta's ghost, adept FoFi


Innate Abilities, Weirdness & Mutations

You are resistant to torment.
Your stone body is resilient. (AC +12)
You are immune to poison.
Your large and strong wings let you fly indefinitely.
You resist negative energy. (rN+)
You are resistant to electric shocks. (rElec)
You can survive without breathing.
You are immune to petrification.
You are immune to rotting.


Message History

Confirm with . or Enter, or press ? or * to list all spells.
Aiming: Stone Arrow
Press: ? - help, Shift-Dir - straight line, f/p - Feta's ghost
Aim: Feta's ghost, wielding a weapon of draining (severely damaged)
You miscast Stone Arrow.
Sif Muna protects you from the effects of your miscast!
Feta's ghost gestures at you while chanting.
The fireball explodes!
The fireball engulfs you!
* * * LOW HITPOINT WARNING * * *
The fireball engulfs Feta's ghost.
Feta's ghost resists.
Casting: Stone Arrow
Confirm with . or Enter, or press ? or * to list all spells.
Aiming: Stone Arrow
Press: ? - help, Shift-Dir - straight line, f/p - Feta's ghost
Aim: Feta's ghost, wielding a weapon of draining (almost destroyed)
The stone arrow hits Feta's ghost.
Feta's ghost is almost destroyed.
Feta's ghost points at you and mumbles some strange words.
The fireball explodes!
The fireball engulfs you!
You die...

...........O........
.......?.....†#.....
..C....O.....#.....
.............#.....
............#.....
####'##.##....##....#
##..))##.##....#######
#....W)...#....#
#....@....#....#
#.........#
#.........+
##...##+### ####...#
#<.....# #......#
#......# ##........


You could see a cyclops and Feta's ghost.

Vanquished Creatures
  A frost giant (IceCv)
  Nessos (D:13)
  A minotaur (Lab)
  Snorg (D:12)
  An ice dragon (Lair:6)
  Harold (D:10)
  5 hydras
  A catoblepas (Lair:6)
  6 vault guards (D:13)
  4 centaur warriors
  A queen ant (D:10)
  A deep troll shaman (Lair:6)
  8 death yaks
  7 two-headed ogres
  A tengu warrior (D:15)
  Urug (Lair:4)
  8 skeletal warriors (D:14)
  2 unseen horrors
  The ghost of tilp the Destroyer, a novice DrCj (D:5)
  3 deep elf magi
  8 ugly things
  An oklob plant (Lair:4)
  A manticore (D:14)
  A cyclops (D:15)
  8 elephants
  5 black mambas
  2 ice statues
  A centaur zombie (D:14)
  13 spiny frogs
  A torpor snail (Lair:6)
  2 rime drakes
  An efreet (D:14)
  10 komodo dragons
  A minotaur zombie (Lab)
  An ice devil (Lair:2)
  A harpy zombie (D:14)
  2 trolls
  A jumping spider (shapeshifter) (D:14)
  26 polar bears
  2 hornets (D:12)
  8 hippogriffs
  9 blink frogs
  A meliai zombie (D:12)
  4 dream sheep (Lair:6)
  A spriggan (Lair:6)
  2 wraiths
  46 yaks
  A redback (Lab)
  2 basilisks
  6 wyverns
  A golden eye (shapeshifter) (D:15)
  3 hungry ghosts
  7 soldier ants
  An acid dragon (D:11)
  3 nagas (Lair:2)
  12 porcupines
  14 water moccasins
  9 orc warriors
  12 ice beasts
  8 ogres
  2 centaurs
  34 wolves
  6 crocodiles
  A big kobold (D:9)
  17 bullfrogs
  4 scorpions
  A water moccasin skeleton (D:9)
  15 killer bees
  3 howler monkeys (D:11)
  A vampire bat (D:3)
  An electric eel (Lair:2)
  10 crimson imps
  2 bullfrog zombies
  A quasit (D:10)
  6 hounds
  A jelly (D:11)
  9 orc priests
  2 bullfrog skeletons
  4 centaur skeletons
  17 orc wizards
  Jessica (D:3)
  5 iguanas
  25 worker ants
  A hound skeleton (D:9)
  A worker ant zombie (D:9)
  A howler monkey zombie (D:11)
  10 adders
  4 gnolls (D:2)
  A shadow imp (D:7)
  3 white imps (Lair:2)
  An ooze (D:6)
  2 adder skeletons
  A worm (D:2)
  3 dart slugs
  3 fire bats (D:3)
  6 leopard geckos
  70 orcs
  2 spectral bats (D:3)
  18 bats
  3 bat skeletons (D:3)
  A bat zombie (D:3)
  5 giant cockroaches
  10 goblins
  9 hobgoblins
  25 jackals
  7 quokkas
  A ball python (D:4)
  A bat simulacrum (D:3)
  7 frilled lizards
  A jackal zombie (D:8)
  6 kobolds
  A leopard gecko skeleton (D:8)
  3 rats
  A plant (Lair:4)
669 creatures vanquished.

Vanquished Creatures (collateral kills)
  An orc (D:11)
1 creature vanquished.

Vanquished Creatures (others)
  4 fungi (Lair:6)
  9 plants (Lair:6)
13 creatures vanquished.

Grand Total: 683 creatures vanquished

Notes
Turn   | Place    | Note
-------+----------+-------------------------------------------
     0 | D:1      | Jatast the Gargoyle Earth Elementalist began the quest for the Orb.
     0 | D:1      | Reached XP level 1. HP: 10/10 MP: 3/3
   549 | D:1      | Reached XP level 2. HP: 15/15 MP: 5/5
   978 | D:1      | Reached skill level 1 in Fighting
  1353 | D:1      | Reached XP level 3. HP: 20/20 MP: 6/6
  2071 | D:2      | Reached skill level 2 in Fighting
  2075 | D:2      | Reached skill level 5 in Earth Magic
  2075 | D:2      | Reached XP level 4. HP: 17/26 MP: 1/7
  2309 | D:2      | Learned a level 3 spell: Stone Arrow
  2733 | D:2      | Reached skill level 3 in Fighting
  3153 | D:3      | Reached XP level 5. HP: 32/32 MP: 8/8
  3158 | D:3      | Found a blossoming altar of Fedhas.
  3377 | D:3      | Noticed Jessica
  3385 | D:3      | Killed Jessica
  3631 | D:3      | Reached XP level 6. HP: 31/38 MP: 5/9
  3638 | D:3      | Reached skill level 4 in Fighting
  4474 | D:3      | Found a bloodstained altar of Trog.
  4475 | D:3      | Found a glowing golden altar of the Shining One.
  4624 | D:4      | Learned a level 5 spell: Lee's Rapid Deconstruction
  4707 | D:4      | Noticed MDvedh's ghost (novice DsAK)
  5171 | D:4      | Reached skill level 1 in Maces & Flails
  5233 | D:4      | Noticed a hippogriff
  5254 | D:4      | Killed a hippogriff
  5254 | D:4      | Reached skill level 5 in Fighting
  5254 | D:4      | Reached XP level 7. HP: 30/44 MP: 4/10
  5737 | D:4      | Got an ichor-stained long sword
  5738 | D:4      | Identified the cursed +1 long sword of Obsession {venom, rN+} (You found it on level 4 of the Dungeon)
  6343 | D:5      | Entered Level 5 of the Dungeon
  6344 | D:5      | Found a shadowy altar of Dithmenos.
  6466 | D:5      | Reached XP level 8. HP: 44/51 MP: 6/11
  6504 | D:5      | Found a sparkling altar of Nemelex Xobeh.
  6671 | D:5      | Reached skill level 6 in Fighting
  7181 | D:5      | Noticed tilp's ghost (novice DrCj)
  7463 | D:5      | Killed tilp's ghost
  7569 | D:5      | Found an opulent altar of Gozag.
  7592 | D:5      | Reached skill level 7 in Fighting
  7998 | D:6      | Reached skill level 5 in Maces & Flails
  8029 | D:6      | Found a staircase to the Ecumenical Temple.
  8037 | Temple   | Entered the Ecumenical Temple
  8221 | Temple   | Became a worshipper of Sif Muna the Loreminder
  8479 | D:6      | Reached XP level 9. HP: 48/57 MP: 12/12
  8653 | D:6      | Found a sacrificial altar of Ru.
  8802 | D:7      | Found Ingyr's Jewellery Boutique.
  9129 | D:7      | Reached skill level 8 in Fighting
  9507 | D:7      | Reached skill level 10 in Earth Magic
  9703 | D:7      | Reached * piety under Sif Muna
 10350 | D:8      | Noticed a two-headed ogre
 10357 | D:8      | Killed a two-headed ogre
 10357 | D:8      | Reached XP level 10. HP: 36/65 MP: 10/15
 10369 | D:8      | Reached skill level 9 in Fighting
 10400 | D:8      | Noticed a two-headed ogre
 10406 | D:8      | Killed a two-headed ogre
 10668 | D:8      | Found Wicax's Distillery.
 10677 | D:8      | Bought 2 potions of heal wounds for 140 gold pieces
 10677 | D:8      | Bought a potion of might for 56 gold pieces
 10953 | D:8      | Reached ** piety under Sif Muna
 11051 | D:8      | Found a roughly hewn altar of Beogh.
 11201 | D:9      | Noticed a two-headed ogre
 11209 | D:9      | Killed a two-headed ogre
 11352 | D:9      | Reached skill level 5 in Spellcasting
 11463 | D:9      | Reached skill level 10 in Fighting
 11463 | D:9      | Reached XP level 11. HP: 38/72 MP: 18/18
 11471 | D:9      | Reached skill level 1 in Armour
 11631 | D:9      | Noticed a two-headed ogre
 11640 | D:9      | Killed a two-headed ogre
 11802 | D:9      | Found a staircase to the Lair.
 12205 | D:9      | Found a radiant altar of Vehumet.
 12300 | D:9      | Found a shattered altar of Ashenzari.
 12301 | D:9      | Found an ornate altar of the Wu Jian Council.
 12347 | D:10     | Entered Level 10 of the Dungeon
 12365 | D:10     | Learned a level 4 spell: Petrify
 12368 | D:10     | Learned a level 2 spell: Poisonous Vapours
 12371 | D:10     | Found a hide-covered altar of Uskayaw.
 12389 | D:10     | Noticed a queen ant
 12474 | D:10     | Killed a queen ant
 12474 | D:10     | Reached skill level 1 in Poison Magic
 12479 | D:10     | Reached *** piety under Sif Muna
 13120 | D:10     | Noticed Harold
 13137 | D:10     | Killed Harold
 14263 | D:11     | Found a staircase to the Orcish Mines.
 14516 | D:12     | Noticed a two-headed ogre
 14525 | D:12     | Killed a two-headed ogre
 14525 | D:12     | Reached skill level 11 in Fighting
 14525 | D:12     | Reached XP level 12. HP: 78/80 MP: 1/21
 14738 | D:12     | Noticed Snorg
 14747 | D:12     | Reached skill level 5 in Armour
 14751 | D:12     | Killed Snorg
 14775 | D:12     | Reached **** piety under Sif Muna
 15904 | Lair:1   | Entered Level 1 of the Lair of Beasts
 16310 | Lair:1   | Reached skill level 1 in Shields
 16327 | Lair:1   | Reached skill level 10 in Maces & Flails
 17450 | Lair:2   | Got a dazzling helmet
 17456 | Lair:2   | Identified the +1 helmet "Umuatin" {Str+4} (You found it on level 2 of the Lair of Beasts)
 17612 | Lair:2   | Found a staircase to the Snake Pit.
 17758 | Lair:2   | Reached skill level 12 in Fighting
 17949 | Lair:2   | Reached XP level 13. HP: 86/86 MP: 20/24
 18210 | Lair:2   | Identified a scroll of acquirement
 18530 | Lair:2   | Identified the Grimoire of Congealing Dark Magic
 18860 | Lair:2   | Got a faintly glowing dagger
 18872 | Lair:2   | Got a distressingly furry ring mail
 18907 | Lair:2   | Identified the +0 ring mail "Xotil" {Str-3 Int+5} (You found it on level 2 of the Lair of Beasts)
 18921 | Lair:2   | Identified the +3 dagger of Jatast's Slow Death {flame, Dex+4} (You found it on level 2 of the Lair of Beasts)
 19423 | Lair:3   | Found a staircase to the Swamp.
 20094 | Lair:4   | Noticed Urug
 20228 | Lair:4   | Reached skill level 5 in Shields
 20351 | Lair:4   | Killed Urug
 20648 | Lair:4   | Got a transparent mace
 20649 | Lair:4   | Identified the +9 mace of the Nexus {drain, rPois Str+4} (You found it on level 4 of the Lair of Beasts)
 21088 | Lair:4   | You fall through a shaft!
 21365 | Lair:5   | Identified the cursed ring of the Aged Demons {AC-3 Dex+4} (You found it on level 5 of the Lair of Beasts)
 21385 | Lair:5   | Learned a level 5 spell: Bolt of Magma
 21604 | Lair:5   | Reached skill level 1 in Conjurations
 21604 | Lair:5   | Reached skill level 1 in Invocations
 22635 | Lair:6   | Entered Level 6 of the Lair of Beasts
 22928 | Lair:5   | Reached skill level 13 in Fighting
 23168 | Lair:6   | Gained mutation: Your large and strong wings let you fly indefinitely. [Gargoyle growth]
 23168 | Lair:6   | Reached XP level 14. HP: 90/94 MP: 12/26
 23203 | Lair:6   | Found a frozen archway.
 23291 | IceCv    | Entered an ice cave
 24057 | IceCv    | Noticed a frost giant
 24072 | IceCv    | Killed a frost giant
 24330 | IceCv    | Identified the Handbook of the Creative Blaze
 24641 | Lair:6   | Reached skill level 5 in Conjurations
 24641 | Lair:6   | Reached skill level 5 in Invocations
 25194 | Lair:6   | Found a staircase to the Slime Pits.
 27342 | D:13     | Found a gate to the Vaults.
 27358 | D:13     | Reached XP level 15. HP: 74/100 MP: 0/27
 27434 | D:13     | Reached skill level 1 in Fire Magic
 27499 | D:13     | Found a labyrinth entrance.
 27507 | Lab      | Entered a labyrinth
 29018 | Lab      | Reached skill level 5 in Dodging
 29018 | Lab      | Reached XP level 16. HP: 105/105 MP: 28/28
 29052 | D:13     | Learned a level 5 spell: Irradiate
 29060 | D:13     | Learned a level 3 spell: Ignite Poison
 29505 | D:13     | Found Qioshrede's Weapon Boutique.
 29575 | D:13     | Noticed Nessos
 29596 | D:13     | Killed Nessos
 30214 | Lair:5   | Learned a level 3 spell: Mephitic Cloud
 31254 | D:14     | Reached ***** piety under Sif Muna
 32066 | D:14     | Received a gift from Sif Muna
 32067 | D:14     | Identified Zougaewk's Catalogue of Orientation and the Arsonist (Sif Muna gifted it to you on level 14 of the Dungeon)
 32072 | D:14     | Learned a level 2 spell: Blink
 32481 | D:14     | Reached skill level 10 in Shields
 32637 | D:14     | Reached skill level 1 in Translocations
 32727 | D:15     | Entered Level 15 of the Dungeon
 33115 | D:15     | Noticed Feta's ghost (adept FoFi)
 33143 | D:15     | Killed from afar by Feta's ghost

Skill      XL: |  1  2  3  4  5  6  7  8  9 10 11 12 13 14 15 16 |
---------------+-------------------------------------------------+-----
Earth Magic    | 4 5 6 7 9 10 11 12 | 12.0
Fighting       | 1 2 3 5 7 8 10 11 12 13 | 13.9
Maces & Flails | 2 3 5 6 8 9 10 11 12 | 12.0
Spellcasting   | 3 5 6 7 8 |  8.0
Armour         | 4 7 8 9 |  9.9
Poison Magic   | 3 |  3.1
Shields        | 3 6 8 10 | 10.1
Conjurations   | 3 6 8 |  8.4
Invocations    | 3 6 7 |  7.0
Fire Magic     | 1 4 |  4.7
Dodging        | 5 |  5.3
Translocations | 1 |  1.8
Stealth        | |  2.1
Transmutations | |  0.7

Action                   |  1- 3 |  4- 6 |  7- 9 | 10-12 | 13-15 | 16-18 || total
-------------------------+-------+-------+-------+-------+-------+-------++-------
Melee: Dagger            |   141 |    10 |       |       |       |       ||   151
       Flail             |       |   170 |       |       |       |       ||   170
       Morningstar       |       |    94 |   364 |   104 |    14 |       ||   576
       Unarmed           |       |       |    15 |       |       |       ||    15
       Great mace        |       |       |       |   408 |    36 |       ||   444
       Mace              |       |       |       |       |   403 |   136 ||   539
       Staff             |       |       |       |       |    70 |     8 ||    78
       Demon blade       |       |       |       |       |     8 |       ||     8
 Cast: Sandblast         |    14 |    28 |   106 |   108 |    65 |    25 ||   346
       Stone Arrow       |       |     3 |     2 |    42 |   169 |    44 ||   260
       Lee's Rapid Decon |       |       |     3 |    31 |    60 |    24 ||   118
       Poisonous Vapours |       |       |       |    72 |   131 |    53 ||   256
       Petrify           |       |       |       |     2 |     7 |       ||     9
       Ignite Poison     |       |       |       |       |       |    19 ||    19
       Mephitic Cloud    |       |       |       |       |       |     8 ||     8
Invok: Divine Energy     |       |       |     1 |       |       |       ||     1
       Channel Magic     |       |       |       |       |       |     1 ||     1
 Abil: Fly               |       |       |       |       |     1 |       ||     1
       Stop Flying       |       |       |       |       |       |     1 ||     1
Evoke: Wand              |       |       |       |       |     5 |       ||     5
  Use: Scroll            |       |    12 |     3 |     7 |    13 |     1 ||    36
       Potion            |       |       |     1 |     1 |     3 |       ||     5
 Stab: Sleeping          |     4 |       |       |       |       |       ||     4
       Petrified         |       |       |       |       |    14 |       ||    14
       Petrifying        |       |       |       |       |     1 |       ||     1
  Eat: Chunk             |     4 |    10 |    14 |    32 |    23 |    12 ||    95
       Ration            |       |       |     2 |     1 |     9 |     2 ||    14
Armor: Robe              |    46 |     1 |       |       |       |       ||    47
       Ring mail         |       |   281 |   290 |   310 |       |       ||   881
       Skin              |       |       |     6 |       |       |       ||     6
       Acid dragon scale |       |       |       |   114 |   139 |       ||   253
       Ice dragon scales |       |       |       |       |   337 |   121 ||   458
Dodge: Dodged            |    92 |   288 |   300 |   388 |   328 |   106 ||  1502
Block: Buckler           |       |       |       |       |   174 |    54 ||   228
